 Dungeon Crawl Stone Soup version 0.25.0-26-g0c896c7088 (webtiles) character file.

Game seed: 14620841195216824285

146 Esekla the Grave Robber (level 5, 0/39 HPs)
             Began as a Formicid Necromancer on July 1, 2020.
             Killed from afar by an orc wizard (8 damage)
             ... with a magic dart
             ... on level 3 of the Dungeon.
             The game lasted 00:19:38 (3364 turns).

Esekla the Grave Robber (Formicid Necromancer)      Turns: 3364, Time: 00:19:38

Health: 0/39       AC:  2    Str: 13    XL:     5   Next: 53%
Magic:  6/10       EV: 12    Int: 15    God:
Gold:   136        SH:  5    Dex: 11    Spells: 6/10 levels left

rFire    . . .     SeeInvis +   q - +0 long sword
rCold    . . .     Gourm    .   (no shield)
rNeg     . . .     Faith    .   a - +0 robe
rPois    .         Spirit   .   (helmet unavailable)
rElec    .         Reflect  +   (no cloak)
rCorr    .         Harm     .   (no gloves)
MR       +....                  (no boots)
Stlth    ++........             i - amulet of reflection
HPRegen  0.13/turn              h - ring of protection from magic
MPRegen  0.12/turn              (no ring)

@: lightly drained
A: permanent stasis, dig shafts and tunnels, four strong arms, antennae 3
a: Dig, Shaft Self


You were on level 3 of the Dungeon.
You were not hungry.

You visited 1 branch of the dungeon, and saw 3 of its levels.

You collected 136 gold pieces.

Inventory:

Hand Weapons
 m - a +0 short sword
 p - a +0 spear
 q - a +0 long sword (weapon)
 s - a +0 war axe
Missiles
 o - 13 poisoned darts (quivered)
Armour
 a - a +0 robe (worn)
Jewellery
 h - a ring of protection from magic (left hand)
 i - an amulet of reflection (around neck)
Scrolls
 d - a scroll of remove curse {unknown}
 f - a scroll of immolation {unknown}
 g - 2 scrolls of enchant armour {unknown}
 j - 4 scrolls of teleportation {unknown}
 k - a scroll of amnesia {unknown}
 n - a scroll of fear {unknown}
Potions
 b - 2 potions of berserk rage {unknown}
 e - a potion of brilliance {unknown}
 l - a potion of degeneration {unknown}
 r - 2 potions of curing {unknown}
 t - a potion of stabbing {unknown}
 u - a potion of invisibility {unknown}
Comestibles
 c - 11 rations
 v - a chunk of flesh


   Skills:
 * Level 2.4(1.9) Fighting
 + Level 0.6(0.4) Short Blades
 + Level 0.5(0.3) Long Blades
 + Level 0.1(0.0) Axes
 + Level 0.3(0.0) Throwing
 + Level 2.2(1.7) Dodging
 + Level 2.8(2.3) Stealth
 * Level 3.4(2.9) Spellcasting
 + Level 4.4(3.8) Necromancy


You had 6 spell levels left.
You knew the following spells:

 Your Spells              Type           Power        Failure   Level  Hunger
a - Pain                  Necr           ##..         4%          1    #......
d - Vampiric Draining     Necr           ##........   12%         3    ###....

Your spell library contained the following spells:

 Spells                   Type           Power        Failure   Level  Hunger
 Animate Skeleton         Necr           N/A          4%          1    #......
 Animate Dead             Necr           N/A          38%         4    #####..
 Agony                    Necr           ##......     75%         5    ######.


Dungeon Overview and Level Annotations

Branches:
Dungeon (3/15)

Altars:
Vehumet


Innate Abilities, Weirdness & Mutations

You cannot be hasted, slowed, berserked, paralysed or teleported.
You can dig through walls and to a lower floor.
Your four strong arms can wield two-handed weapons with a shield.
You have a pair of large antennae on your head. (SInv)


Message History

You barely miss the orc wizard.
The orc wizard hits you with a +0 dagger.
* * * LOW HITPOINT WARNING * * *
You hit the orc wizard.
The orc wizard is moderately wounded.
The orc wizard hits you with a +0 dagger.
* * * LOW HITPOINT WARNING * * *
The orc wizard gestures wildly while chanting.
The orc wizard blinks!
Casting: Vampiric Draining (dangerous; 12% risk of failure)
Confirm with . or Enter, or press ? or * to list all spells.
You don't know that spell.
Throwing (i - inventory)
o - 14 poisoned darts (quivered)
Press: ? - help, Shift-Dir - straight line, f - orc wizard
Aim: an orc wizard, wielding a +0 dagger and wearing a +0 robe (moderately wounded, fast)
You throw a poisoned dart.
The poisoned dart closely misses the orc wizard.
The orc wizard casts a spell at you. The magic dart hits you!
You die...

......#.#÷##.#.##.##.#
#####.#.#<##.#.#
..#...# #.#.#.##.#..
...#.#
#.#.#.##o###...#.§.#
#..................#
#####.##.###### o.o#
#.##.# ...#
#.##(#######...#
{#....o..@).....#
####.########..#
##.####.# .# ........#
# #..######


You could see an orc wizard (fast).

Vanquished Creatures
  Jessica (D:2)
  An orc wizard (D:3)
  3 adders
  2 worms (D:2)
  2 dart slugs
  A leopard gecko (D:2)
  2 orcs (D:3)
  4 giant cockroaches
  6 goblins
  5 hobgoblins
  3 jackals (D:1)
  7 kobolds
  A quokka (D:2)
  7 bats
  7 frilled lizards
  7 rats
59 creatures vanquished.

Notes
Turn   | Place    | Note
-------+----------+-------------------------------------------
     0 | D:1      | Esekla the Formicid Necromancer began the quest for the
                  | Orb.
     0 | D:1      | Reached XP level 1. HP: 13/13 MP: 3/3
   202 | D:2      | Found a radiant altar of Vehumet.
   468 | D:1      | Reached XP level 2. HP: 19/19 MP: 3/5
   892 | D:1      | Reached skill level 1 in Fighting
   892 | D:1      | Reached XP level 3. HP: 25/26 MP: 6/6
   897 | D:1      | Learned a level 3 spell: Vampiric Draining
  1420 | D:2      | Reached XP level 4. HP: 12/32 MP: 1/8
  3154 | D:3      | Noticed Jessica
  3204 | D:2      | Killed Jessica
  3204 | D:2      | Reached XP level 5. HP: 37/38 MP: 5/9
  3364 | D:3      | Killed from afar by an orc wizard

Illustrated notes

Levels and vault maps discovered:
D:1:      ncdulo_watergridlock, layout_loops_cross
D:2:      minmay_chambers_of_twos, layout_loops_corners, vehumet_crystals,
          kennysheep_small_spiral, minmay_heptomino_h4
D:3:      layout_loops_ring, cheibriados_altar_1, minitemple,
          lemuel_doored_altar, elyvilon_altar_3, uniq_grinder, uniq_jessica

Skill      XL: |  1  2  3  4 |
---------------+-------------+-----
Fighting       | 1 2 |  2.4
Spellcasting   | 3 |  3.4
Dodging        | 2 |  2.2
Short Blades   | |  0.6
Long Blades    | |  0.5
Axes           | |  0.1
Throwing       | |  0.3
Stealth        | |  2.8
Necromancy     | |  4.4

Action                   |  1- 3 |  4- 6 || total
-------------------------+-------+-------++-------
Melee: Hand axe          |    11 |       ||    11
       Short sword       |    55 |     7 ||    62
       Long sword        |       |    76 ||    76
Throw: Dart              |     5 |     4 ||     9
 Cast: Pain              |    21 |       ||    21
       Vampiric Draining |     5 |    10 ||    15
 Stab: Sleeping          |     2 |     2 ||     4
  Eat: Chunk             |     2 |     8 ||    10
Armor: Robe              |     8 |    12 ||    20
Dodge: Dodged            |    30 |    52 ||    82
Block: Other             |    17 |    18 ||    35
       Reflection        |       |     1 ||     1
       Rpst.: Long sword |       |    20 ||    20
